Vancouver Canucks vs Los Angeles Kings

Created - Monday, October 27, 2025 at 07:27

Goals
1 2 3 T
Vancouver Canucks 0 0 0 0
Los Angeles Kings 0 1 1 2
Shots
1 2 3 T
Vancouver Canucks 8 6 13 27
Los Angeles Kings 7 10 15 32

1st period

No Goal

Penalties :
Noah Hanifin (VAN) for Interference (Minor) at 10:28, Casey Mittelstadt (VAN) for High sticking (Minor) at 18:25

2nd period

1. Los Angeles Kings , Ryan Suter 5 (Owen Power 14, Andrei Svechnikov 24) at 16:59 (PP)

Penalties :
Alex Gallant (LAK) for Tripping (Minor) at 5:28, Emil Martinsen Lilleberg (VAN) for Slashing (Minor) at 10:00, Joel Hanley (VAN) for Roughing (Minor) at 16:49

3rd period

2. Los Angeles Kings , Logan Cooley 25 (Andrew Copp 23, MacKenzie Weegar 28) at 0:10

Penalties :
Artturi Lehkonen (VAN) for Roughing (Minor) at 5:58, Mikko Rantanen (VAN) for Tripping (Minor) at 10:22, Logan Cooley (LAK) for Tripping (Minor) at 13:22

Goalie Stats

Justus Annunen (VAN), 30 saves from 32 shots - (0.938), L, 16-13-2, 60:00 minutes
Andrei Vasilevskiy (LAK), 27 saves from 27 shots - (1.000), W, 15-20-1, 60:00 minutes

Players Stats for Vancouver Canucks

Player Name              G  A  P  +/- PIM S  H  SB GA TA FO     MP     PP MP  PK MP  
------------------------------------------------------------------------------------
Aleksander Barkov        0  0  0  -1  0   1  3  0  1  0  18/26  20:30   1:59   4:56 
Anton Lundell            0  0  0   0  0   1  1  0  1  0  4/8    12:58   0:00   4:58 
Artturi Lehkonen         0  0  0   0  2   0  1  0  1  2  0/0    18:25   1:59   3:49 
Bobby McMann             0  0  0   0  0   4  1  0  0  0  0/0    10:35   0:00   0:00 
Brett Leason             0  0  0   0  0   2  2  0  1  0  0/0    12:31   0:00   4:35 
Casey Mittelstadt        0  0  0   0  2   4  0  2  0  1  4/10   14:02   1:59   0:30 
Clayton Keller           0  0  0  -1  0   3  1  1  0  2  0/1    16:08   1:59   0:07 
Connor Zary              0  0  0   0  0   0  4  0  0  1  0/1    14:32   1:59   0:00 
Emil Martinsen Lilleberg 0  0  0  -1  2   1  1  1  0  0  0/0    13:40   0:00   1:08 
Jake Bean                0  0  0  -1  0   0  0  0  0  0  0/0    12:57   0:00   0:29 
Jesperi Kotkaniemi       0  0  0   0  0   1  2  1  0  0  0/0    10:16   0:00   1:15 
Joel Hanley              0  0  0   0  2   1  5  0  0  1  0/0    19:56   2:15   4:53 
Mikko Rantanen           0  0  0  -1  2   5  1  1  0  0  0/1    16:03   1:59   0:00 
Miro Heiskanen           0  0  0   0  0   1  2  5  0  0  0/0    26:57   1:43   4:53 
Noah Hanifin             0  0  0   0  2   2  2  1  0  0  0/0    26:06   1:43   3:49 
Ryan McDonagh            0  0  0   0  0   0  2  2  0  0  0/0    20:43   2:15   4:58 
Sean Couturier           0  0  0   0  0   1  1  0  0  1  3/12   12:46   0:00   0:00 
Ty Dellandrea            0  0  0   0  0   0  3  0  0  0  0/0    10:44   0:00   0:00 

Players Stats for Los Angeles Kings

Player Name              G  A  P  +/- PIM S  H  SB GA TA FO     MP     PP MP  PK MP  
------------------------------------------------------------------------------------
Alex Gallant             0  0  0   0  2   1  1  0  0  0  0/0     8:38   0:00   0:00 
Alexander Romanov        0  0  0   0  0   0  1  2  1  0  0/0    13:47   0:00   0:00 
Andrei Kuzmenko          0  0  0   0  0   2  1  0  0  0  1/5    16:31   4:50   0:09 
Andrei Svechnikov        0  1  1   0  0   2  3  1  0  0  1/2    20:27   4:59   1:47 
Andrew Copp              0  1  1   1  0   2  0  0  1  0  0/3    13:08   0:35   0:13 
Charlie McAvoy           0  0  0   0  0   3  2  0  0  0  0/0    16:07   0:00   0:00 
Evander Kane             0  0  0   0  0   1  4  0  0  0  1/1     8:31   0:00   0:00 
Jansen Harkins           0  0  0   0  0   2  1  1  0  1  7/12   15:56   4:31   0:00 
Joseph Veleno            0  0  0   1  0   0  2  0  1  1  10/17  13:06   0:04   0:56 
K'Andre Miller           0  0  0   1  0   0  3  0  0  1  0/0    25:08   5:09   1:57 
Logan Cooley             1  0  1   1  2   7  2  0  2  0  2/2    18:30   4:54   1:02 
MacKenzie Weegar         0  1  1   1  0   2  1  0  0  0  0/0    23:35   5:09   1:57 
Matthew Boldy            0  0  0   0  0   2  2  1  2  0  0/0    20:53   5:11   2:02 
Mikey Eyssimont          0  0  0   0  0   3  1  0  0  0  0/2     8:31   0:00   0:00 
Owen Power               0  1  1   0  0   0  0  0  0  1  0/0    19:39   4:56   2:01 
Ryan Suter               1  0  1   0  0   2  0  2  1  0  0/0    21:44   4:56   2:01 
Seth Jarvis              0  0  0   0  0   3  0  0  0  0  8/15   20:39   5:11   1:47 
Vitali Kravtsov          0  0  0   0  0   0  0  0  0  0  0/0    11:10   0:00   0:00 

3 Stars

1 - Andrei Vasilevskiy (LAK)
2 - Ryan Suter (LAK)
3 - Logan Cooley (LAK)

Power Play

Vancouver Canucks - 0 on 2 Attempt(s) - 0.00%
Los Angeles Kings - 1 on 6 Attempt(s) - 16.67%

Penalty Kill

Vancouver Canucks - 5 on 6 Attempt(s) - 83.33% - Score 0 goal in Penalty Kill
Los Angeles Kings - 2 on 2 Attempt(s) - 100.00% - Score 0 goal in Penalty Kill

Team Stat

Vancouver Canucks - Hits : 32 - Faceoff Wins : 29 - Blocked Shots : 14 - Penalty Minutes : 12
Los Angeles Kings - Hits : 24 - Faceoff Wins : 30 - Blocked Shots : 7 - Penalty Minutes : 4

Official

Referees : Kendrick Nicholson and Pierre Lambert
Linesman : Ryan Gibbons and Ryan Jackson

Game Notes

No Game Note

Finance

Level 1 -- Attendance: 5932 (98.87%) -- Ticket Income $533,880
Level 2 -- Attendance: 4865 (97.30%) -- Ticket Income $243,250
Level 3 -- Attendance: 2621 (87.37%) -- Ticket Income $78,630
Level 4 -- Attendance: 4913 (98.26%) -- Ticket Income $98,260
Luxury Box -- Attendance: 924 (92.40%) -- Ticket Income $175,560
Game was played at the Staples Center.
Total Attendance: 19255 (96.28%)
Total Ticket Income: $1,129,580
Other Income: $395,353
Total Income: $1,524,933

Vancouver Canucks

5 vs 5 Forward 
   Center                   Left Wing                Right Wing               Time % Phy DF OF 
 1 Aleksander Barkov        Clayton Keller           Mikko Rantanen           37     1   1  3  
 2 Sean Couturier           Connor Zary              Artturi Lehkonen         28     1   2  2  
 3 Casey Mittelstadt        Ty Dellandrea            Bobby McMann             21     1   2  2  
 4 Anton Lundell            Jesperi Kotkaniemi       Brett Leason             14     1   3  1  

5 vs 5 Defense 
   Defense                  Defense                                           Time % Phy DF OF 
 1 Noah Hanifin             Miro Heiskanen                                    30     1   2  2  
 2 Ryan McDonagh            Joel Hanley                                       30     1   2  2  
 3 Jake Bean                Emil Martinsen Lilleberg                          25     1   2  2  
 4 Noah Hanifin             Miro Heiskanen                                    15     1   2  2  

PowerPlay Forward 
   Center                   Left Wing                Right Wing               Time % Phy DF OF 
 1 Aleksander Barkov        Clayton Keller           Mikko Rantanen           50     0   1  4  
 2 Casey Mittelstadt        Connor Zary              Artturi Lehkonen         50     0   1  4  

PowerPlay Defense
   Defense                  Defense                                           Time % Phy DF OF 
 1 Noah Hanifin             Miro Heiskanen                                    50     0   1  4  
 2 Ryan McDonagh            Joel Hanley                                       50     0   1  4  

Penalty Kill 4 Players Forward 
   Center                   Wing                     Time % Phy DF OF 
 1 Anton Lundell            Brett Leason             50     1   2  2  
 2 Aleksander Barkov        Artturi Lehkonen         50     1   2  2  

Penalty Kill 4 Players Defense
   Defense                  Defense                  Time % Phy DF OF 
 1 Ryan McDonagh            Joel Hanley              50     1   2  2  
 2 Noah Hanifin             Miro Heiskanen           50     1   2  2  

Penalty Kill - 3 Players Forward 
   Forward                                           Time % Phy DF OF 
 1 Anton Lundell                                     50     1   2  2  
 2 Brett Leason                                      50     1   2  2  

Penalty Kill - 3 Players Defense
   Defense                  Defense                  Time % Phy DF OF 
 1 Ryan McDonagh            Joel Hanley              50     1   2  2  
 2 Noah Hanifin             Miro Heiskanen           50     1   2  2  

4 vs 4 Forward 
   Center                   Wing                     Time % Phy DF OF 
 1 Clayton Keller           Mikko Rantanen           50     1   2  2  
 2 Aleksander Barkov        Artturi Lehkonen         50     1   2  2  

4 vs 4 Defense
   Defense                  Defense                  Time % Phy DF OF 
 1 Noah Hanifin             Miro Heiskanen           50     1   2  2  
 2 Ryan McDonagh            Joel Hanley              50     1   2  2  

Last Minutes Offensive
   Center                   Left Wing                Right Wing               Defense                  Defense                  
   Aleksander Barkov        Clayton Keller           Mikko Rantanen           Noah Hanifin             Miro Heiskanen           

Last Minutes Defensive
   Center                   Left Wing                Right Wing               Defense                  Defense                  
   Anton Lundell            Artturi Lehkonen         Brett Leason             Ryan McDonagh            Joel Hanley              

Goaltenders
Starting : Justus Annunen           
Backup : Cam Talbot               

Extra Forwards
Normal : Mikko Rantanen, Artturi Lehkonen, Clayton Keller - PP : Mikko Rantanen, Clayton Keller - PK : Anton Lundell
Extra Defensemen
Normal : Miro Heiskanen, Noah Hanifin, Ryan McDonagh - PP : Miro Heiskanen - PK : Ryan McDonagh, Joel Hanley
Penalty Shots
Aleksander Barkov, Anton Lundell, Artturi Lehkonen, Jesperi Kotkaniemi, Noah Hanifin

Scratches
Matias Maccelli (Healthy), Jacob Bernard-Docker (Healthy), Eemil Viro (Healthy), Jacob Bryson (Healthy)

Los Angeles Kings

5 vs 5 Forward 
   Center                   Left Wing                Right Wing               Time % Phy DF OF 
 1 Seth Jarvis              Matthew Boldy            Andrei Svechnikov        30     1   2  2  
 2 Joseph Veleno            Logan Cooley             Andrew Copp              30     1   2  2  
 3 Jansen Harkins           Andrei Kuzmenko          Vitali Kravtsov          25     1   2  2  
 4 Mikey Eyssimont          Evander Kane             Alex Gallant             15     1   2  2  

5 vs 5 Defense 
   Defense                  Defense                                           Time % Phy DF OF 
 1 MacKenzie Weegar         K'Andre Miller                                    35     1   2  2  
 2 Charlie McAvoy           Ryan Suter                                        35     1   2  2  
 3 Alexander Romanov        Owen Power                                        30     1   2  2  
 4 MacKenzie Weegar         K'Andre Miller                                    0      1   2  2  

PowerPlay Forward 
   Center                   Left Wing                Right Wing               Time % Phy DF OF 
 1 Seth Jarvis              Matthew Boldy            Andrei Svechnikov        50     1   2  2  
 2 Andrei Kuzmenko          Logan Cooley             Jansen Harkins           50     1   2  2  

PowerPlay Defense
   Defense                  Defense                                           Time % Phy DF OF 
 1 MacKenzie Weegar         K'Andre Miller                                    50     1   2  2  
 2 Owen Power               Ryan Suter                                        50     1   2  2  

Penalty Kill 4 Players Forward 
   Center                   Wing                     Time % Phy DF OF 
 1 Logan Cooley             Matthew Boldy            50     1   2  2  
 2 Andrei Svechnikov        Seth Jarvis              50     1   2  2  

Penalty Kill 4 Players Defense
   Defense                  Defense                  Time % Phy DF OF 
 1 MacKenzie Weegar         K'Andre Miller           50     1   2  2  
 2 Owen Power               Ryan Suter               50     1   2  2  

Penalty Kill - 3 Players Forward 
   Forward                                           Time % Phy DF OF 
 1 Andrei Svechnikov                                 50     1   2  2  
 2 Matthew Boldy                                     50     1   2  2  

Penalty Kill - 3 Players Defense
   Defense                  Defense                  Time % Phy DF OF 
 1 MacKenzie Weegar         K'Andre Miller           50     1   2  2  
 2 Owen Power               Ryan Suter               50     1   2  2  

4 vs 4 Forward 
   Center                   Wing                     Time % Phy DF OF 
 1 Andrei Kuzmenko          Matthew Boldy            50     1   2  2  
 2 Andrei Svechnikov        Logan Cooley             50     1   2  2  

4 vs 4 Defense
   Defense                  Defense                  Time % Phy DF OF 
 1 MacKenzie Weegar         K'Andre Miller           50     1   2  2  
 2 Owen Power               Ryan Suter               50     1   2  2  

Last Minutes Offensive
   Center                   Left Wing                Right Wing               Defense                  Defense                  
   Seth Jarvis              Matthew Boldy            Andrei Svechnikov        MacKenzie Weegar         K'Andre Miller           

Last Minutes Defensive
   Center                   Left Wing                Right Wing               Defense                  Defense                  
   Seth Jarvis              Matthew Boldy            Andrei Svechnikov        MacKenzie Weegar         K'Andre Miller           

Goaltenders
Starting : Andrei Vasilevskiy       
Backup : Carl Lindbom             

Extra Forwards
Normal : Andrei Kuzmenko, Jansen Harkins, Andrei Svechnikov - PP : Andrei Kuzmenko, Jansen Harkins - PK : Matthew Boldy
Extra Defensemen
Normal : MacKenzie Weegar, Owen Power, K'Andre Miller - PP : K'Andre Miller - PK : Owen Power, MacKenzie Weegar
Penalty Shots
Jansen Harkins, Matthew Boldy, Andrei Svechnikov, Seth Jarvis, Logan Cooley

Scratches
Cooper Marody (Healthy), Jakub Zboril (Healthy)

% Time on Ice - Vancouver Canucks

Lines # - Real PCT - Wanted PCT - Time Play
Normal Forward
1 - 30% - 37% - 13:57
2 - 32% - 28% - 14:29
3 - 22% - 21% - 9:53
4 - 17% - 14% - 7:38
Normal Defense
1 - 30% - 30% - 13:36
2 - 30% - 30% - 13:55
3 - 26% - 25% - 12:06
4 - 14% - 15% - 6:20
PP Forward
1 - 50% - 50% - 1:59
2 - 50% - 50% - 1:59
PP Defense
1 - 43% - 50% - 1:43
2 - 57% - 50% - 2:15
PK Forward
1 - 49% - 50% - 4:54
2 - 51% - 50% - 5:11
PK Defense
1 - 48% - 50% - 4:53
2 - 52% - 50% - 5:12
PK3 Forward
1 - 0% - 50%
2 - 0% - 50%
PK3 Defense
1 - 0% - 50%
2 - 0% - 50%
44 Forward
1 - 0% - 50%
2 - 0% - 50%
44 Defense
1 - 0% - 50%
2 - 0% - 50%
Last Minute Offensive  - 0:00
Last Minute Defensive  - 0:00
Total
Forward - 60:00
Defense - 60:00

% Time on Ice - Los Angeles Kings

Lines # - Real PCT - Wanted PCT - Time Play
Normal Forward
1 - 30% - 30% - 13:40
2 - 27% - 30% - 12:36
3 - 24% - 25% - 11:10
4 - 19% - 15% - 8:31
Normal Defense
1 - 32% - 35% - 14:54
2 - 38% - 35% - 17:19
3 - 28% - 30% - 13:04
4 - 1% - 0% - 0:40
PP Forward
1 - 51% - 50% - 5:11
2 - 49% - 50% - 4:54
PP Defense
1 - 51% - 50% - 5:09
2 - 49% - 50% - 4:56
PK Forward
1 - 55% - 50% - 2:11
2 - 45% - 50% - 1:47
PK Defense
1 - 49% - 50% - 1:57
2 - 51% - 50% - 2:01
PK3 Forward
1 - 0% - 50%
2 - 0% - 50%
PK3 Defense
1 - 0% - 50%
2 - 0% - 50%
44 Forward
1 - 0% - 50%
2 - 0% - 50%
44 Defense
1 - 0% - 50%
2 - 0% - 50%
Last Minute Offensive  - 0:00
Last Minute Defensive  - 0:00
Total
Forward - 60:00
Defense - 60:00

Play-by-Play

1st period


0:01 of 1st period - Aleksander Barkov wins face-off versus Seth Jarvis in neutral zone.
0:26 of 1st period - K'Andre Miller is hit by Noah Hanifin and loses puck.
2:46 of 1st period - Wrist shot by Bobby McMann.
2:46 of 1st period - Shot Misses the Net.
2:52 of 1st period - Snap shot by Bobby McMann.
2:52 of 1st period - Shot Misses the Net.
2:54 of 1st period - Slapshot by Joel Hanley.
2:54 of 1st period - Shot Misses the Net.
2:56 of 1st period - Slapshot by Ryan McDonagh.
2:56 of 1st period - Shot Misses the Net.
3:14 of 1st period - Snap shot by Bobby McMann.
3:14 of 1st period - Stopped by Andrei Vasilevskiy with a rebound.
3:49 of 1st period - Snap shot by Casey Mittelstadt.
3:49 of 1st period - Shot Misses the Net.
3:59 of 1st period - Wrist shot by Bobby McMann.
3:59 of 1st period - Stopped by Andrei Vasilevskiy without a rebound.
4:00 of 1st period - Aleksander Barkov wins face-off versus Joseph Veleno in Los Angeles Kings zone.
4:01 of 1st period - Slapshot by Clayton Keller.
4:01 of 1st period - Stopped by Andrei Vasilevskiy with a rebound.
4:09 of 1st period - Wrist shot by Logan Cooley.
4:09 of 1st period - Shot Misses the Net.
4:11 of 1st period - Slapshot by Logan Cooley.
4:11 of 1st period - Shot Misses the Net.
4:13 of 1st period - Slapshot by MacKenzie Weegar.
4:13 of 1st period - Deflect By Logan Cooley.
4:13 of 1st period - Shot Misses the Net.
4:13 of 1st period - Puck is out of play.
4:14 of 1st period - Sean Couturier wins face-off versus Jansen Harkins in Vancouver Canucks zone.
4:23 of 1st period - Slapshot by Sean Couturier.
4:23 of 1st period - Stopped by Andrei Vasilevskiy with a rebound.
4:39 of 1st period - Emil Martinsen Lilleberg is hit by K'Andre Miller and loses puck.
4:45 of 1st period - Icing by Emil Martinsen Lilleberg.
4:46 of 1st period - Aleksander Barkov wins face-off versus Andrew Copp in Vancouver Canucks zone.
4:51 of 1st period - Snap shot by Clayton Keller.
4:51 of 1st period - Shot Misses the Net.
4:57 of 1st period - Snap shot by Aleksander Barkov.
4:57 of 1st period - Stopped by Andrei Vasilevskiy without a rebound.
4:58 of 1st period - Jansen Harkins wins face-off versus Sean Couturier in Los Angeles Kings zone.
5:07 of 1st period - Snap shot by Andrei Kuzmenko.
5:07 of 1st period - Shot Misses the Net.
5:09 of 1st period - Slapshot by Ryan Suter.
5:09 of 1st period - Stopped by Justus Annunen with a rebound.
5:49 of 1st period - Brett Leason is hit by Evander Kane and loses puck.
6:14 of 1st period - Slapshot by Artturi Lehkonen.
6:14 of 1st period - Shot Misses the Net.
6:52 of 1st period - Owen Power is hit by Joel Hanley and loses puck.
7:49 of 1st period - Andrew Copp is hit by Ty Dellandrea and loses puck.
8:00 of 1st period - Seth Jarvis is hit by Sean Couturier and loses puck.
8:11 of 1st period - Brett Leason is hit by Andrei Kuzmenko.
8:53 of 1st period - Jansen Harkins is hit by Ty Dellandrea and loses puck.
9:36 of 1st period - Wrist shot by Mikko Rantanen.
9:36 of 1st period - Deflect By Aleksander Barkov.
9:36 of 1st period - Shot Blocked by Andrei Svechnikov.
9:36 of 1st period - Puck is out of play.
9:37 of 1st period - Aleksander Barkov wins face-off versus Seth Jarvis in Los Angeles Kings zone.
9:38 of 1st period - Snap shot by Mikko Rantanen.
9:38 of 1st period - Shot Hit the Post.
10:07 of 1st period - Wrist shot by Clayton Keller.
10:07 of 1st period - Shot Misses the Net.
10:21 of 1st period - Wrist shot by Seth Jarvis.
10:21 of 1st period - Stopped by Justus Annunen with a rebound.
10:23 of 1st period - Snap shot by Andrei Svechnikov.
10:23 of 1st period - Shot Misses the Net.
10:25 of 1st period - Snap shot by Seth Jarvis.
10:25 of 1st period - Deflect By Matthew Boldy.
10:25 of 1st period - Stopped by Justus Annunen without a rebound.
10:26 of 1st period - Sean Couturier wins face-off versus Andrew Copp in Vancouver Canucks zone.
10:28 of 1st period - Minor Penalty to Noah Hanifin for Interference.
10:29 of 1st period - Anton Lundell wins face-off versus Andrei Kuzmenko in Vancouver Canucks zone.
10:43 of 1st period - Slapshot by Andrei Kuzmenko.
10:43 of 1st period - Shot Blocked by Ryan McDonagh.
10:55 of 1st period - Joel Hanley is hit by Andrei Svechnikov and loses puck.
12:28 of 1st period - Penalty to Noah Hanifin is over, Noah Hanifin is back on ice.
12:45 of 1st period - Off-side.
12:46 of 1st period - Evander Kane wins face-off versus Aleksander Barkov in neutral zone.
12:51 of 1st period - Wrist shot by Mikey Eyssimont.
12:51 of 1st period - Deflect By Mikko Rantanen.
12:51 of 1st period - Shot Misses the Net.
12:51 of 1st period - Puck is out of play.
12:52 of 1st period - Aleksander Barkov wins face-off versus Mikey Eyssimont in Vancouver Canucks zone.
13:07 of 1st period - Snap shot by Mikey Eyssimont.
13:07 of 1st period - Shot Blocked by Mikko Rantanen.
13:39 of 1st period - Wrist shot by Jansen Harkins.
13:39 of 1st period - Shot Blocked by Miro Heiskanen.
13:41 of 1st period - Wrist shot by Jansen Harkins.
13:41 of 1st period - Stopped by Justus Annunen with a rebound.
13:43 of 1st period - Snap shot by Jansen Harkins.
13:43 of 1st period - Shot Blocked by Jesperi Kotkaniemi.
14:22 of 1st period - Slapshot by Evander Kane.
14:22 of 1st period - Stopped by Justus Annunen with a rebound.
14:36 of 1st period - Wrist shot by Andrew Copp.
14:36 of 1st period - Shot Misses the Net.
14:38 of 1st period - Slapshot by MacKenzie Weegar.
14:38 of 1st period - Shot Blocked by Noah Hanifin.
14:40 of 1st period - Snap shot by Joseph Veleno.
14:40 of 1st period - Deflect By Artturi Lehkonen.
14:40 of 1st period - Shot Misses the Net.
14:40 of 1st period - Puck is out of play.
14:41 of 1st period - Aleksander Barkov wins face-off versus Jansen Harkins in Vancouver Canucks zone.
14:56 of 1st period - Slapshot by Clayton Keller.
14:56 of 1st period - Stopped by Andrei Vasilevskiy without a rebound.
14:57 of 1st period - Sean Couturier wins face-off versus Joseph Veleno in Los Angeles Kings zone.
15:02 of 1st period - Snap shot by Sean Couturier.
15:02 of 1st period - Deflect By Connor Zary.
15:02 of 1st period - Shot Misses the Net.
15:02 of 1st period - Puck is out of play.
15:03 of 1st period - Logan Cooley wins face-off versus Sean Couturier in Los Angeles Kings zone.
16:12 of 1st period - Jake Bean is hit by Charlie McAvoy and loses puck.
16:17 of 1st period - Slapshot by Mikey Eyssimont.
16:17 of 1st period - Stopped by Justus Annunen without a rebound.
16:18 of 1st period - Aleksander Barkov wins face-off versus Mikey Eyssimont in Vancouver Canucks zone.
16:18 of 1st period - Aleksander Barkov is hit by Evander Kane.
16:25 of 1st period - Icing by Aleksander Barkov.
16:26 of 1st period - Aleksander Barkov wins face-off versus Joseph Veleno in Vancouver Canucks zone.
16:31 of 1st period - Snap shot by Clayton Keller.
16:31 of 1st period - Deflect By Mikko Rantanen.
16:31 of 1st period - Stopped by Andrei Vasilevskiy with a rebound.
18:06 of 1st period - Miro Heiskanen is hit by Joseph Veleno and loses puck.
18:23 of 1st period - Snap shot by Seth Jarvis.
18:23 of 1st period - Stopped by Justus Annunen with a rebound.
18:25 of 1st period - Minor Penalty to Casey Mittelstadt for High sticking.
18:26 of 1st period - Seth Jarvis wins face-off versus Anton Lundell in Vancouver Canucks zone.
18:53 of 1st period - MacKenzie Weegar is hit by Anton Lundell.
19:01 of 1st period - Snap shot by Brett Leason.
19:01 of 1st period - Stopped by Andrei Vasilevskiy with a rebound.
19:21 of 1st period - Logan Cooley is hit by Brett Leason and loses puck.
Goals for this period are 0 for Vancouver Canucks vs 0 for Los Angeles Kings.
Shots for this period are 8 for Vancouver Canucks vs 7 for Los Angeles Kings.

2nd period


0:01 of 2nd period - Aleksander Barkov wins face-off versus Seth Jarvis in neutral zone.
0:25 of 2nd period - Penalty to Casey Mittelstadt is over, Casey Mittelstadt is back on ice.
0:51 of 2nd period - Noah Hanifin is hit by Evander Kane and loses puck.
1:12 of 2nd period - Wrist shot by Andrew Copp.
1:12 of 2nd period - Stopped by Justus Annunen without a rebound.
1:13 of 2nd period - Casey Mittelstadt wins face-off versus Andrew Copp in Vancouver Canucks zone.
1:20 of 2nd period - Slapshot by Bobby McMann.
1:20 of 2nd period - Shot Misses the Net.
1:22 of 2nd period - Wrist shot by Ty Dellandrea.
1:22 of 2nd period - Shot Blocked by Alexander Romanov.
1:36 of 2nd period - Alexander Romanov is hit by Joel Hanley and loses puck.
1:59 of 2nd period - Snap shot by Andrew Copp.
1:59 of 2nd period - Shot Blocked by Emil Martinsen Lilleberg.
2:29 of 2nd period - Andrei Svechnikov is hit by Brett Leason and loses puck.
2:54 of 2nd period - Snap shot by Mikey Eyssimont.
2:54 of 2nd period - Stopped by Justus Annunen without a rebound.
2:55 of 2nd period - Jansen Harkins wins face-off versus Aleksander Barkov in Vancouver Canucks zone.
3:09 of 2nd period - Wrist shot by Mikko Rantanen.
3:09 of 2nd period - Stopped by Andrei Vasilevskiy without a rebound.
3:10 of 2nd period - Joseph Veleno wins face-off versus Sean Couturier in Los Angeles Kings zone.
3:17 of 2nd period - Snap shot by Joseph Veleno.
3:17 of 2nd period - Shot Blocked by Miro Heiskanen.
3:19 of 2nd period - Wrist shot by Logan Cooley.
3:19 of 2nd period - Stopped by Justus Annunen without a rebound.
3:20 of 2nd period - Joseph Veleno wins face-off versus Connor Zary in Vancouver Canucks zone.
3:21 of 2nd period - Slapshot by Logan Cooley.
3:21 of 2nd period - Stopped by Justus Annunen without a rebound.
3:22 of 2nd period - Aleksander Barkov wins face-off versus Jansen Harkins in Vancouver Canucks zone.
4:10 of 2nd period - Slapshot by Casey Mittelstadt.
4:10 of 2nd period - Deflect By Ty Dellandrea.
4:10 of 2nd period - Shot Blocked by Ryan Suter.
4:10 of 2nd period - Puck is out of play.
4:11 of 2nd period - Jansen Harkins wins face-off versus Casey Mittelstadt in Los Angeles Kings zone.
4:18 of 2nd period - Snap shot by Casey Mittelstadt.
4:18 of 2nd period - Stopped by Andrei Vasilevskiy without a rebound.
4:19 of 2nd period - Jansen Harkins wins face-off versus Aleksander Barkov in Los Angeles Kings zone.
5:05 of 2nd period - Logan Cooley is hit by Miro Heiskanen.
5:13 of 2nd period - Wrist shot by Seth Jarvis.
5:13 of 2nd period - Stopped by Justus Annunen with a rebound.
5:28 of 2nd period - Minor Penalty to Alex Gallant for Tripping.
5:29 of 2nd period - Logan Cooley wins face-off versus Aleksander Barkov in Los Angeles Kings zone.
7:18 of 2nd period - Owen Power is hit by Miro Heiskanen and loses puck.
7:28 of 2nd period - Penalty to Alex Gallant is over, Alex Gallant is back on ice.
7:41 of 2nd period - Snap shot by Andrei Kuzmenko.
7:41 of 2nd period - Shot Blocked by Miro Heiskanen.
7:43 of 2nd period - Slapshot by Owen Power.
7:43 of 2nd period - Shot Misses the Net.
7:56 of 2nd period - Jansen Harkins is hit by Jesperi Kotkaniemi and loses puck.
8:10 of 2nd period - Wrist shot by Anton Lundell.
8:10 of 2nd period - Shot Hit the Post.
8:57 of 2nd period - Slapshot by Miro Heiskanen.
8:57 of 2nd period - Shot Misses the Net.
8:59 of 2nd period - Snap shot by Noah Hanifin.
8:59 of 2nd period - Stopped by Andrei Vasilevskiy with a rebound.
9:01 of 2nd period - Snap shot by Jesperi Kotkaniemi.
9:01 of 2nd period - Deflect By Jansen Harkins.
9:01 of 2nd period - Stopped by Andrei Vasilevskiy without a rebound.
9:02 of 2nd period - Aleksander Barkov wins face-off versus Joseph Veleno in Los Angeles Kings zone.
9:53 of 2nd period - Snap shot by Casey Mittelstadt.
9:53 of 2nd period - Stopped by Andrei Vasilevskiy with a rebound.
10:00 of 2nd period - Minor Penalty to Emil Martinsen Lilleberg for Slashing.
10:01 of 2nd period - Seth Jarvis wins face-off versus Aleksander Barkov in Vancouver Canucks zone.
10:55 of 2nd period - Joel Hanley is hit by Andrei Svechnikov and loses puck.
12:00 of 2nd period - Penalty to Emil Martinsen Lilleberg is over, Emil Martinsen Lilleberg is back on ice.
12:43 of 2nd period - Mikey Eyssimont is hit by Clayton Keller and loses puck.
13:04 of 2nd period - Sean Couturier is hit by Joseph Veleno and loses puck.
14:25 of 2nd period - Andrew Copp is hit by Emil Martinsen Lilleberg.
14:29 of 2nd period - Ryan Suter is hit by Joel Hanley.
14:47 of 2nd period - Andrei Kuzmenko is hit by Connor Zary and loses puck.
15:02 of 2nd period - MacKenzie Weegar is hit by Mikko Rantanen and loses puck.
15:45 of 2nd period - Noah Hanifin is hit by Alex Gallant and loses puck.
16:09 of 2nd period - Jake Bean is hit by Alexander Romanov and loses puck.
16:20 of 2nd period - Bobby McMann is hit by K'Andre Miller and loses puck.
16:40 of 2nd period - Andrei Kuzmenko is hit by Ryan McDonagh and loses puck.
16:49 of 2nd period - Minor Penalty to Joel Hanley for Roughing.
16:50 of 2nd period - Seth Jarvis wins face-off versus Anton Lundell in Vancouver Canucks zone.
16:53 of 2nd period - Snap shot by Matthew Boldy.
16:53 of 2nd period - Deflect By Andrei Svechnikov.
16:53 of 2nd period - Stopped by Justus Annunen with a rebound.
16:55 of 2nd period - Slapshot by Andrei Svechnikov.
16:55 of 2nd period - Stopped by Justus Annunen with a rebound.
16:57 of 2nd period - Snap shot by Owen Power.
16:57 of 2nd period - Shot Misses the Net.
16:59 of 2nd period - Slapshot by Ryan Suter.
16:59 of 2nd period - Goal by Ryan Suter - Vancouver Canucks : 0 - Los Angeles Kings : 1.
17:00 of 2nd period - Andrei Svechnikov wins face-off versus Clayton Keller in neutral zone.
17:05 of 2nd period - Snap shot by Andrei Svechnikov.
17:05 of 2nd period - Shot Misses the Net.
17:36 of 2nd period - Snap shot by Logan Cooley.
17:36 of 2nd period - Shot Misses the Net.
17:48 of 2nd period - Wrist shot by Jansen Harkins.
17:48 of 2nd period - Stopped by Justus Annunen without a rebound.
17:49 of 2nd period - Casey Mittelstadt wins face-off versus Jansen Harkins in Vancouver Canucks zone.
18:00 of 2nd period - Wrist shot by Andrei Kuzmenko.
18:00 of 2nd period - Stopped by Justus Annunen with a rebound.
18:02 of 2nd period - Wrist shot by Jansen Harkins.
18:02 of 2nd period - Shot Misses the Net.
18:04 of 2nd period - Slapshot by Owen Power.
18:04 of 2nd period - Shot Blocked by Casey Mittelstadt.
18:11 of 2nd period - Icing by Bobby McMann.
18:12 of 2nd period - Seth Jarvis wins face-off versus Casey Mittelstadt in Vancouver Canucks zone.
18:13 of 2nd period - Snap shot by Matthew Boldy.
18:13 of 2nd period - Shot Blocked by Miro Heiskanen.
18:29 of 2nd period - Snap shot by Seth Jarvis.
18:29 of 2nd period - Deflect By Matthew Boldy.
18:29 of 2nd period - Shot Blocked by Casey Mittelstadt.
18:29 of 2nd period - Puck is out of play.
18:30 of 2nd period - Aleksander Barkov wins face-off versus Joseph Veleno in Vancouver Canucks zone.
18:37 of 2nd period - Backhand shot by Clayton Keller.
18:37 of 2nd period - Shot Misses the Net.
18:57 of 2nd period - Joel Hanley is hit by Andrei Svechnikov and loses puck.
19:04 of 2nd period - Noah Hanifin is hit by K'Andre Miller.
19:49 of 2nd period - Slapshot by Noah Hanifin.
19:49 of 2nd period - Stopped by Andrei Vasilevskiy with a rebound.
Goals for this period are 0 for Vancouver Canucks vs 1 for Los Angeles Kings.
Shots for this period are 6 for Vancouver Canucks vs 10 for Los Angeles Kings.

3rd period


0:01 of 3rd period - Joseph Veleno wins face-off versus Mikko Rantanen in neutral zone.
0:10 of 3rd period - Wrist shot by Andrew Copp.
0:10 of 3rd period - Deflect By Logan Cooley.
0:10 of 3rd period - Goal by Logan Cooley - Vancouver Canucks : 0 - Los Angeles Kings : 2.
0:11 of 3rd period - Aleksander Barkov wins face-off versus Joseph Veleno in neutral zone.
0:14 of 3rd period - K'Andre Miller is hit by Aleksander Barkov and loses puck.
0:21 of 3rd period - Clayton Keller is hit by MacKenzie Weegar and loses puck.
0:38 of 3rd period - Seth Jarvis is hit by Connor Zary.
0:58 of 3rd period - Wrist shot by Casey Mittelstadt.
0:58 of 3rd period - Shot Misses the Net.
1:00 of 3rd period - Snap shot by Casey Mittelstadt.
1:00 of 3rd period - Shot Blocked by Jansen Harkins.
1:02 of 3rd period - Snap shot by Bobby McMann.
1:02 of 3rd period - Stopped by Andrei Vasilevskiy without a rebound.
1:03 of 3rd period - Joseph Veleno wins face-off versus Casey Mittelstadt in Los Angeles Kings zone.
1:10 of 3rd period - Casey Mittelstadt is hit by Logan Cooley and loses puck.
1:15 of 3rd period - Wrist shot by Logan Cooley.
1:15 of 3rd period - Stopped by Justus Annunen without a rebound.
1:16 of 3rd period - Seth Jarvis wins face-off versus Aleksander Barkov in Vancouver Canucks zone.
1:29 of 3rd period - Snap shot by Mikko Rantanen.
1:29 of 3rd period - Stopped by Andrei Vasilevskiy with a rebound.
1:31 of 3rd period - Slapshot by Joel Hanley.
1:31 of 3rd period - Stopped by Andrei Vasilevskiy without a rebound.
1:32 of 3rd period - Joseph Veleno wins face-off versus Sean Couturier in Los Angeles Kings zone.
1:39 of 3rd period - Slapshot by MacKenzie Weegar.
1:39 of 3rd period - Deflect By Artturi Lehkonen.
1:39 of 3rd period - Stopped by Justus Annunen without a rebound.
1:40 of 3rd period - Joseph Veleno wins face-off versus Sean Couturier in Vancouver Canucks zone.
2:01 of 3rd period - Logan Cooley is hit by Artturi Lehkonen and loses puck.
2:10 of 3rd period - Wrist shot by Connor Zary.
2:10 of 3rd period - Shot Misses the Net.
2:12 of 3rd period - Snap shot by Emil Martinsen Lilleberg.
2:12 of 3rd period - Deflect By Logan Cooley.
2:12 of 3rd period - Stopped by Andrei Vasilevskiy without a rebound.
2:13 of 3rd period - Aleksander Barkov wins face-off versus Seth Jarvis in Los Angeles Kings zone.
2:14 of 3rd period - Snap shot by Clayton Keller.
2:14 of 3rd period - Deflect By Charlie McAvoy.
2:14 of 3rd period - Shot Misses the Net.
2:14 of 3rd period - Puck is out of play.
2:15 of 3rd period - Aleksander Barkov wins face-off versus Seth Jarvis in Los Angeles Kings zone.
2:22 of 3rd period - Wrist shot by Mikko Rantanen.
2:22 of 3rd period - Stopped by Andrei Vasilevskiy without a rebound.
2:23 of 3rd period - Aleksander Barkov wins face-off versus Seth Jarvis in Los Angeles Kings zone.
3:39 of 3rd period - Slapshot by Charlie McAvoy.
3:39 of 3rd period - Stopped by Justus Annunen without a rebound.
3:40 of 3rd period - Joseph Veleno wins face-off versus Sean Couturier in Vancouver Canucks zone.
4:05 of 3rd period - Andrei Kuzmenko is hit by Ty Dellandrea and loses puck.
4:10 of 3rd period - Snap shot by Casey Mittelstadt.
4:10 of 3rd period - Stopped by Andrei Vasilevskiy with a rebound.
4:12 of 3rd period - Slapshot by Miro Heiskanen.
4:12 of 3rd period - Stopped by Andrei Vasilevskiy with a rebound.
4:14 of 3rd period - Slapshot by Noah Hanifin.
4:14 of 3rd period - Deflect By Bobby McMann.
4:14 of 3rd period - Stopped by Andrei Vasilevskiy with a rebound.
4:16 of 3rd period - Snap shot by Ty Dellandrea.
4:16 of 3rd period - Shot Misses the Net.
4:32 of 3rd period - Wrist shot by Anton Lundell.
4:32 of 3rd period - Stopped by Andrei Vasilevskiy with a rebound.
5:14 of 3rd period - Snap shot by Brett Leason.
5:14 of 3rd period - Stopped by Andrei Vasilevskiy without a rebound.
5:15 of 3rd period - Jansen Harkins wins face-off versus Anton Lundell in Los Angeles Kings zone.
5:15 of 3rd period - Jansen Harkins is hit by Noah Hanifin.
5:48 of 3rd period - Wrist shot by Mikey Eyssimont.
5:48 of 3rd period - Shot Misses the Net.
5:50 of 3rd period - Snap shot by Alex Gallant.
5:50 of 3rd period - Deflect By Mikey Eyssimont.
5:50 of 3rd period - Stopped by Justus Annunen with a rebound.
5:52 of 3rd period - Snap shot by Alex Gallant.
5:52 of 3rd period - Stopped by Justus Annunen with a rebound.
5:58 of 3rd period - Minor Penalty to Artturi Lehkonen for Roughing.
5:59 of 3rd period - Aleksander Barkov wins face-off versus Jansen Harkins in Vancouver Canucks zone.
6:36 of 3rd period - Snap shot by Seth Jarvis.
6:36 of 3rd period - Shot Misses the Net.
7:32 of 3rd period - Icing by MacKenzie Weegar.
7:33 of 3rd period - Casey Mittelstadt wins face-off versus Andrei Kuzmenko in Los Angeles Kings zone.
7:58 of 3rd period - Penalty to Artturi Lehkonen is over, Artturi Lehkonen is back on ice.
8:14 of 3rd period - Slapshot by Casey Mittelstadt.
8:14 of 3rd period - Stopped by Andrei Vasilevskiy without a rebound.
8:15 of 3rd period - Joseph Veleno wins face-off versus Casey Mittelstadt in Los Angeles Kings zone.
8:15 of 3rd period - Joseph Veleno is hit by Bobby McMann.
8:41 of 3rd period - Jansen Harkins is hit by Aleksander Barkov and loses puck.
9:06 of 3rd period - Wrist shot by Aleksander Barkov.
9:06 of 3rd period - Shot Misses the Net.
9:21 of 3rd period - Off-side.
9:22 of 3rd period - Anton Lundell wins face-off versus Seth Jarvis in neutral zone.
9:25 of 3rd period - Slapshot by Noah Hanifin.
9:25 of 3rd period - Shot Blocked by Ryan Suter.
9:27 of 3rd period - Slapshot by Noah Hanifin.
9:27 of 3rd period - Shot Blocked by Matthew Boldy.
9:47 of 3rd period - Wrist shot by Logan Cooley.
9:47 of 3rd period - Stopped by Justus Annunen with a rebound.
9:49 of 3rd period - Backhand shot by Charlie McAvoy.
9:49 of 3rd period - Stopped by Justus Annunen with a rebound.
9:51 of 3rd period - Slapshot by Joseph Veleno.
9:51 of 3rd period - Shot Blocked by Miro Heiskanen.
9:53 of 3rd period - Snap shot by Ryan Suter.
9:53 of 3rd period - Shot Misses the Net.
9:55 of 3rd period - Snap shot by Charlie McAvoy.
9:55 of 3rd period - Stopped by Justus Annunen with a rebound.
9:57 of 3rd period - Wrist shot by Andrew Copp.
9:57 of 3rd period - Stopped by Justus Annunen without a rebound.
9:58 of 3rd period - Seth Jarvis wins face-off versus Sean Couturier in Vancouver Canucks zone.
10:01 of 3rd period - Snap shot by Seth Jarvis.
10:01 of 3rd period - Shot Misses the Net.
10:03 of 3rd period - Snap shot by Matthew Boldy.
10:03 of 3rd period - Stopped by Justus Annunen without a rebound.
10:04 of 3rd period - Seth Jarvis wins face-off versus Sean Couturier in Vancouver Canucks zone.
10:15 of 3rd period - Wrist shot by Seth Jarvis.
10:15 of 3rd period - Shot Misses the Net.
10:17 of 3rd period - Slapshot by K'Andre Miller.
10:17 of 3rd period - Shot Misses the Net.
10:19 of 3rd period - Slapshot by MacKenzie Weegar.
10:19 of 3rd period - Stopped by Justus Annunen without a rebound.
10:20 of 3rd period - Aleksander Barkov wins face-off versus Joseph Veleno in Vancouver Canucks zone.
10:22 of 3rd period - Minor Penalty to Mikko Rantanen for Tripping.
10:23 of 3rd period - Anton Lundell wins face-off versus Andrei Kuzmenko in Vancouver Canucks zone.
10:29 of 3rd period - Slapshot by Miro Heiskanen.
10:29 of 3rd period - Deflect By Brett Leason.
10:29 of 3rd period - Shot Misses the Net.
10:29 of 3rd period - Puck is out of play.
10:30 of 3rd period - Anton Lundell wins face-off versus Andrei Kuzmenko in Los Angeles Kings zone.
10:41 of 3rd period - Noah Hanifin is hit by Jansen Harkins and loses puck.
11:18 of 3rd period - Wrist shot by Logan Cooley.
11:18 of 3rd period - Stopped by Justus Annunen without a rebound.
11:19 of 3rd period - Seth Jarvis wins face-off versus Aleksander Barkov in Vancouver Canucks zone.
12:12 of 3rd period - Noah Hanifin is hit by Matthew Boldy and loses puck.
12:22 of 3rd period - Penalty to Mikko Rantanen is over, Mikko Rantanen is back on ice.
12:33 of 3rd period - Emil Martinsen Lilleberg is hit by Mikey Eyssimont and loses puck.
12:55 of 3rd period - Slapshot by Alexander Romanov.
12:55 of 3rd period - Shot Misses the Net.
13:07 of 3rd period - Snap shot by Andrei Kuzmenko.
13:07 of 3rd period - Deflect By Jansen Harkins.
13:07 of 3rd period - Shot Blocked by Clayton Keller.
13:07 of 3rd period - Puck is out of play.
13:08 of 3rd period - Andrei Kuzmenko wins face-off versus Aleksander Barkov in Vancouver Canucks zone.
13:11 of 3rd period - Wrist shot by Andrei Kuzmenko.
13:11 of 3rd period - Shot Misses the Net.
13:19 of 3rd period - Snap shot by Mikko Rantanen.
13:19 of 3rd period - Stopped by Andrei Vasilevskiy without a rebound.
13:20 of 3rd period - Joseph Veleno wins face-off versus Sean Couturier in Los Angeles Kings zone.
13:22 of 3rd period - Minor Penalty to Logan Cooley for Tripping.
13:23 of 3rd period - Casey Mittelstadt wins face-off versus Andrei Svechnikov in Los Angeles Kings zone.
13:57 of 3rd period - Owen Power is hit by Joel Hanley and loses puck.
14:22 of 3rd period - Seth Jarvis is hit by Connor Zary and loses puck.
14:55 of 3rd period - K'Andre Miller is hit by Joel Hanley and loses puck.
15:10 of 3rd period - Seth Jarvis is hit by Aleksander Barkov.
15:22 of 3rd period - Penalty to Logan Cooley is over, Logan Cooley is back on ice.
15:34 of 3rd period - Brett Leason is hit by Charlie McAvoy and loses puck.
15:55 of 3rd period - Artturi Lehkonen is hit by Evander Kane and loses puck.
16:30 of 3rd period - Jake Bean is hit by Logan Cooley and loses puck.
16:49 of 3rd period - Slapshot by Charlie McAvoy.
16:49 of 3rd period - Shot Blocked by Ryan McDonagh.
16:55 of 3rd period - Jansen Harkins is hit by Ryan McDonagh and loses puck.
17:52 of 3rd period - Slapshot by Logan Cooley.
17:52 of 3rd period - Stopped by Justus Annunen without a rebound.
17:53 of 3rd period - Joseph Veleno wins face-off versus Casey Mittelstadt in Vancouver Canucks zone.
17:59 of 3rd period - Icing by Noah Hanifin.
18:00 of 3rd period - Jansen Harkins wins face-off versus Casey Mittelstadt in Vancouver Canucks zone.
18:23 of 3rd period - Slapshot by Clayton Keller.
18:23 of 3rd period - Shot Blocked by Alexander Romanov.
18:27 of 3rd period - Slapshot by Clayton Keller.
18:27 of 3rd period - Stopped by Andrei Vasilevskiy without a rebound.
18:28 of 3rd period - Jansen Harkins wins face-off versus Anton Lundell in Los Angeles Kings zone.
18:28 of 3rd period - Jansen Harkins is hit by Jesperi Kotkaniemi.
18:42 of 3rd period - Slapshot by Andrei Kuzmenko.
18:42 of 3rd period - Stopped by Justus Annunen with a rebound.
19:21 of 3rd period - Miro Heiskanen is hit by Matthew Boldy and loses puck.
19:30 of 3rd period - MacKenzie Weegar is hit by Connor Zary and loses puck.
Goals for this period are 0 for Vancouver Canucks vs 1 for Los Angeles Kings.
Shots for this period are 13 for Vancouver Canucks vs 15 for Los Angeles Kings.